 Dungeon Crawl Stone Soup version 0.27.1-1-g398f81649c (webtiles) character file.

Game seed: 14855131177601635910

230 Icepheonix32 the Skirmisher (level 5, 0/42 HPs)
             Began as a Demonspawn Fighter on Sept 19, 2021.
             Slain by an ogre (26 damage)
             ... on level 4 of the Dungeon.
             The game lasted 00:07:31 (2958 turns).

Icepheonix32 the Skirmisher (Demonspawn Fighter)    Turns: 2958, Time: 00:07:31

Health: 0/42       AC:  9    Str: 17    XL:     5   Next: 72%
Magic:  5/5        EV:  8    Int: 15    God:
Gold:   83         SH:  0    Dex: 14    Spells: 2/4 levels left

rFire    + . .     SeeInvis .   r - +1 mace (protect)
rCold    + . .     Faith    .   c - +0 kite shield
rNeg     . . .     Spirit   .   v - +0 ring mail
rPois    .         Reflect  .   u - +1 helmet
rElec    .         Harm     .   (no cloak)
rCorr    .         Rampage  .   j - +0 pair of gloves
Will     .....                  (no boots)
Stlth    ..........             (no amulet)
HPRegen  0.14/turn              w - ring of protection from cold
MPRegen  0.09/turn              q - ring of the Suburbs {rF+ Int+3 Dex+2 Stlth-}

@: confused
A: talons 2, foul stench 1, big brain 1
a: no special abilities


You were on level 4 of the Dungeon.
You visited 1 branch of the dungeon, and saw 4 of its levels.

You collected 83 gold pieces.

Inventory:

Hand Weapons
 a - a +0 flail
 g - a +1 dagger of pain
 l - a +0 rapier
 p - a +0 spear
 r - a +1 mace of protection (weapon)
Missiles
 i - 17 poisoned darts (quivered)
Armour
 b - a +0 scale mail
 c - a +0 kite shield (worn)
 j - a +0 pair of gloves (worn)
 u - a +1 helmet (worn)
 v - a +0 ring mail (worn)
Jewellery
 e - an amulet of faith
 q - the ring of the Suburbs (right hand) {rF+ Int+3 Dex+2 Stlth-}
   (You acquired it on level 3 of the Dungeon)

   [ring of protection from fire]

   Int:       It affects your intelligence (+3).
   Dex:       It affects your dexterity (+2).
   rF:        It protects you from fire.
   Stlth:     It makes you less stealthy.
 w - a ring of protection from cold (left hand)
Wands
 f - a wand of paralysis (3)
Scrolls
 k - 2 scrolls of noise {unknown}
 m - 2 scrolls of vulnerability {unknown}
 o - 2 scrolls of identify {unknown}
 s - a scroll of teleportation {unknown}
 t - a scroll of fog {unknown}
Potions
 d - a potion of might
 h - a potion of attraction
 n - a potion of lignification {unknown}


   Skills:
 * Level 4.0 Fighting
 - Level 2.2 Maces & Flails
 + Level 0.6 Throwing
 * Level 3.4 Armour
 + Level 1.1 Dodging
 + Level 3.6 Shields
 * Level 0.3 Spellcasting
 * Level 2.0 Hexes


You had 2 spell levels left.
You knew the following spells:

 Your Spells              Type           Power      Damage    Failure   Level
a - Slow                  Hex            6%         N/A       80%         2

Your spell library contained the following spells:

 Spells                   Type           Power      Damage    Failure   Level
 Confusing Touch          Hex            6%         N/A       95%         3
 Portal Projectile        Hex/Tloc       6%         N/A       99%         3
 Vampiric Draining        Necr           0%         2d6       99%         3
 Blade Hands              Tmut           0%         N/A       100%        5
 Excruciating Wounds      Necr           0%         N/A       100%        5


Dungeon Overview and Level Annotations

Branches:
Dungeon (4/15)
 Temple: D:4-7

Altars:
Dithmenos

Annotations:
D:4 Sigmund


Innate Abilities, Weirdness & Mutations

You have razor-sharp toenails.
You may rarely emit foul miasma when damaged in melee.
You have an unusually large brain. (Int +2)


Message History

You block the endoplasm's attack.
Sigmund the Dreaded comes into view.
He is wielding a +0 scythe.
Sigmund shouts!
You sock the endoplasm!
You kill the endoplasm!
Sigmund casts a spell at you.
The puff of flame hits you but does no damage.
You barely miss the ogre. You block the ogre's attack.
Sigmund points at you and mumbles some strange words.
You are confused.
The ogre hits you with a +0 giant club!
You are too confused!
You are too confused!
You are too confused!
You are too confused!
You are too confused!
You are too confused!
You are too confused!
You are too confused!
You are too confused!
You are too confused!
You are too confused!
You are too confused!
You are too confused!
You are too confused!
You are too confused!
You are too confused!
You are too confused!
You are too confused!
You are too confused!
Unknown command.
Unknown command.
You bump into the rock wall.
You bump into the rock wall.
The ogre hits you with a +0 giant club! Sigmund gestures at you while chanting.
The puff of flame misses you.
You're too confused to move!
The ogre hits you with a +0 giant club!!
Ouch! That really hurt!
You die...

........#
........#
#........
#........ ####
#........ #..#
#....@... ##.##
#)....... #...#
#O.......
#...#####@.......
#.....#..........
#.>....########++
#.#....# #.#....#
#.#....# #.#....#
#.#....# #.#....#


You could see Sigmund and an ogre.

Vanquished Creatures
  An orc priest (D:3)
  A hound (D:3)
  An iguana (D:3)
  An orc wizard (D:3)
  Robin (D:3)
  A gnoll (D:1)
  An adder (D:2)
  2 worms
  2 dart slugs
  6 orcs (D:3)
  7 endoplasms
  2 giant cockroaches
  19 goblins
  8 hobgoblins
  A quokka (D:1)
  4 ball pythons
  4 bats
  4 frilled lizards
  3 kobolds
  4 rats
73 creatures vanquished.

Notes
Turn   | Place    | Note
-------+----------+-------------------------------------------
     0 | D:1      | Icepheonix32 the Demonspawn Fighter began the quest for the
                  | Orb.
     0 | D:1      | Reached XP level 1. HP: 18/18 MP: 1/1
   130 | D:1      | Found a faded altar of an unknown god.
   141 | D:1      | Gained mutation: You have sharp toenails. [demonic
                  | ancestry]
   141 | D:1      | Reached XP level 2. HP: 7/24 MP: 2/2
   675 | D:1      | Gained mutation: You have an unusually large brain. (Int
                  | +2) [demonic ancestry]
   675 | D:1      | Reached XP level 3. HP: 27/29 MP: 3/3
  1656 | D:3      | Learned a level 2 spell: Slow
  1703 | D:3      | Gained mutation: You have razor-sharp toenails. [demonic
                  | ancestry]
  1703 | D:3      | Reached XP level 4. HP: 21/37 MP: 4/4
  1838 | D:3      | Found a shadowy altar of Dithmenos.
  1949 | D:3      | Reached skill level 1 in Hexes
  2052 | D:3      | Noticed Robin
  2069 | D:3      | Gained mutation: You may rarely emit foul miasma when
                  | damaged in melee. [demonic ancestry]
  2069 | D:3      | Reached XP level 5. HP: 32/42 MP: 5/5
  2126 | D:3      | Identified a scroll of acquirement
  2129 | D:3      | Reached skill level 1 in Dodging
  2140 | D:3      | Killed Robin
  2475 | D:3      | Reached skill level 4 in Fighting
  2932 | D:4      | Acquired the ring of the Suburbs {rF+ Int+3 Dex+2 Stlth-}
  2949 | D:4      | Noticed an ogre
  2952 | D:4      | Noticed Sigmund
  2958 | D:4      | Slain by an ogre

Illustrated notes

Levels and vault maps discovered:
D:1:      lemuel_arrival_room, layout_rooms, chequers_ecumenical_altar_simple,
          st_stairs_3, kennysheep_small_spiral
D:2:      wander_river, layout_rooms
D:3:      layout_basic, mainiacjoe_overflow_tiny_flanked, st_stairs_4,
          minmay_diced_spiral, uniq_robin
D:4:      layout_basic, tgw_kikubaaqudgha, nemelex_altar_shiori,
          makhleb_altar_promises_db, mainiacjoe_overflow_surrounded_room,
          ashenzari_altar_1, nicolae_tso_swordbearing_angel, grunt_ministairs_3,
          uniq_sigmund, uniq_pikel

Skill      XL: |  1  2  3  4  5 |
---------------+----------------+-----
Maces & Flails | 2 |  2.2
Armour         | 3 |  3.4
Shields        | 3 |  3.6
Hexes          | 1 2 |  2.0
Dodging        | 1 |  1.1
Fighting       | 4 |  4.0
Throwing       | |  0.6
Spellcasting   | |  0.3

Action                   |  1- 3 |  4- 6 || total
-------------------------+-------+-------++-------
Melee: Flail             |    40 |       ||    40
       Kick              |    32 |    26 ||    58
       Dagger            |    95 |    78 ||   173
       Mace              |       |    49 ||    49
Throw: Dart              |     8 |     9 ||    17
  Use: Scroll            |       |     2 ||     2
       Potion            |       |     2 ||     2
Armor: Scale mail        |    61 |   106 ||   167
       Ring mail         |       |     3 ||     3
Dodge: Dodged            |    35 |    49 ||    84
Block: Kite shield       |    63 |    86 ||   149
